 Dungeon Crawl Stone Soup version 0.31-a0-1071-gaead2f6 (webtiles) character file.

Game seed: 4057075242417917620

1720372 DevouringOne the Impregnable (level 24, 223/223 HPs)
             Began as an Armataur Artificer on Nov 25, 2023.
             Was an Initiate of Gozag.
             Escaped with the Orb
             ... and 3 runes!
             The game lasted 01:30:25 (61584 turns).

DevouringOne the Impregnable (Armataur Artificer)  Turns: 61584, Time: 01:30:25

Health: 223/223    AC: 52    Str: 33    XL:     24   Next: 93%
Magic:  20/23      EV:  4    Int: 17    God:    Gozag
Gold:   2471       SH: 25    Dex: 12    Spells: 23/23 levels left

rFire   + .          .
                       - Unarmed
rCold   + . .        h - +3 tower shield {reflect}
rNeg    + + +        R - +8 orange crystal plate armour {Archmagi, Int+3 Clar}
rPois   +            (helmet restricted)
rElec   +            y - +0 cloak
rCorr   +            V - +1 pair of gloves {infuse}
SInv    .            X - +2 barding {rF+}
Will    +....        T - amulet of regeneration Stlth
                     U - ring "Beirphos" {rElec rCorr Str+3 Dex+2}
HPRegen 1.37/turn    Z - ring of Woshyiq {Contam rC+ rN+++ Stlth-}
MPRegen 0.18/turn

%: reflection, clarity, roll, archmagi, infuse magic (1 MP)
@: studying 2 skills
A: large, deformed body, tough skin 3, armoured tail, roll 2, long tongue,
antennae 1, iridescent scales 1, clarity, poison resistance, strong 1,
MP-powered wands
0: Orb of Zot
}: 3/15 runes: serpentine, barnacled, silver
a: Renounce Religion, Potion Petition, Call Merchant, Bribe Branch


You escaped.
You worshipped Gozag.
Gozag was most pleased with you.
You visited 10 branches of the dungeon, and saw 48 of its levels.
You visited the Abyss 1 time.
You also visited: Ossuary.

You collected 24644 gold pieces.
You spent 6894 gold pieces at shops.
You paid 15279 gold pieces to Gozag.

Inventory:

Missiles
 j - 9 javelins
 k - 28 poisoned darts
 A - 6 throwing nets
Armour
 h - a +3 tower shield of reflection (worn)
 y - a +0 cloak (worn)
 R - the +8 orange crystal plate armour (worn) {Archmagi, Int+3 Clar}
   (You bought it in a shop on level 3 of the Lair of Beasts)

   Int+3:     It affects your intelligence (+3).
   Clar:      It protects you from confusion, rage, mesmerisation and fear.
 V - a +1 pair of gloves of infusion (worn)
 X - a +2 barding of fire resistance (worn)
Jewellery
 B - the ring "Qekicoce" {rPois rF+ Str-3 Slay+4 SInv}
   (You took it off a deep elf sorcerer on level 3 of the Elven Halls)

   [ring of slaying]

   Str-3:     It affects your strength (-3).
   Slay+4:    It affects your accuracy & damage with ranged weapons and melee
   (+4).
   rF+:       It protects you from fire.
   rPois:     It protects you from poison SInv: It lets you see invisible.
 F - a ring of flight
 T - an amulet of regeneration (around neck)
 U - the ring "Beirphos" (left hand) {rElec rCorr Str+3 Dex+2}
   (You found it on level 3 of the Shoals)

   [ring of resist corrosion]

   Str+3:     It affects your strength (+3).
   Dex+2:     It affects your dexterity (+2).
   rElec:     It insulates you from electricity.
   rCorr:     It protects you from acid and corrosion.
 W - the ring "Juklapia" {rF+ Will+ Str+6 Dex+4 Stlth+}
   (You found it on level 3 of the Elven Halls)

   [ring of strength]

   Str+6:     It affects your strength (+6).
   Dex+4:     It affects your dexterity (+4).
   rF+:       It protects you from fire.
   Will+:     It increases your willpower.
   Stlth+:    It makes you more stealthy.
 Z - the ring of Woshyiq (right hand) {Contam rC+ rN+++ Stlth-}
   (You found it on level 5 of the Vaults)

   [ring of protection from cold]

   rC+:       It protects you from cold.
   rN+++:     It renders you almost immune to negative energy.
   Contam:    It causes magical contamination when unequipped.
   Stlth-:    It makes you less stealthy.
Wands
 a - a wand of light (6)
 l - a wand of polymorph (11)
 s - a wand of roots (49)
 v - a wand of flame (55)
 E - a wand of charming (12)
 S - a wand of mindburst (8)
Scrolls
 b - 4 scrolls of enchant weapon
 c - 3 scrolls of poison
 g - a scroll of fear
 m - 4 scrolls of immolation
 r - 10 scrolls of teleportation
 x - 2 scrolls of revelation
 z - 5 scrolls of fog
 D - a scroll of brand weapon
 H - 6 scrolls of amnesia
 K - 4 scrolls of silence
 O - 7 scrolls of vulnerability
 Q - 2 scrolls of blinking
Potions
 e - 4 potions of mutation
 f - 2 potions of magic
 i - 3 potions of brilliance
 n - 3 potions of berserk rage
 o - 2 potions of ambrosia
 p - a potion of invisibility
 q - 9 potions of heal wounds
 t - 2 potions of haste
 u - 3 potions of enlightenment
 w - 7 potions of attraction
 C - 16 potions of curing
 G - a potion of resistance
 M - 2 potions of might
 N - 5 potions of lignification
Miscellaneous
 d - a box of beasts
 I - a lightning rod (4/4)
 L - a phantom mirror


   Skills:
 - Level 19.8 Fighting
 + Level 26.2 Armour
 - Level 0.6 Dodging
 - Level 1.1 Stealth
 - Level 22.0 Shields
 - Level 23.5 Unarmed Combat
 - Level 3.0 Evocations


You had 23 spell levels left.
You didn't know any spells.
Your spell library contained the following spells:

 Spells                   Type           Power      Damage    Failure   Level
 Apportation              Tloc           0%         N/A       83%         1
 Magic Dart               Conj           0%         1d3       83%         1
 Necrotise                Necr           0%         1d4       83%         1
 Shock                    Conj/Air       0%         1d3       83%         1
 Summon Small Mammal      Summ           0%         N/A       83%         1
 Blink                    Tloc           0%         N/A       92%         2
 Cigotuvi's Dreadful Rot  Necr/Pois/Air  0%         N/A       92%         2
 Ensorcelled Hibernation  Hex/Ice        0%         N/A       92%         2
 Lesser Beckoning         Tloc           0%         N/A       92%         2
 Momentum Strike          Conj/Tloc      0%         3d8       92%         2
 Passwall                 Tmut/Erth      0%         N/A       92%         2
 Searing Ray              Conj           0%         2d4       92%         2
 Static Discharge         Conj/Air       0%         3-3/arc   92%         2
 Wereblood                Tmut           0%         N/A       92%         2
 Gell's Gravitas          Tloc           0%         N/A       99%         3
 Hailstorm                Conj/Ice       0%         3d3       99%         3
 Inner Flame              Hex/Fire       0%         N/A       99%         3
 Ozocubu's Armour         Ice            0%         N/A       99%         3
 Stone Arrow              Conj/Erth      0%         3d7       99%         3
 Summon Guardian Golem    Hex/Summ       0%         N/A       99%         3
 Swiftness                Air            0%         N/A       99%         3
 Teleport Other           Tloc           0%         N/A       99%         3
 Tukima's Dance           Hex            0%         N/A       99%         3
 Airstrike                Air            0%         2d(0-16)  100%        4
 Animate Armour           Summ/Erth      0%         N/A       100%        4
 Brom's Barrelling Bould  Conj/Erth      0%         2d3       100%        4
 Cause Fear               Hex            0%         N/A       100%        4
 Dimensional Bullseye     Hex/Tloc       0%         N/A       100%        4
 Dispel Undead            Necr           0%         3d6       100%        4
 Flame Wave               Conj/Fire      0%         2d4       100%        4
 Fulminant Prism          Conj/Hex       0%         3d5       100%        4
 Iskenderun's Mystic Bla  Conj/Tloc      0%         2d3       100%        4
 Leda's Liquefaction      Hex/Erth       0%         N/A       100%        4
 Manifold Assault         Tloc           0%         N/A       100%        4
 Passage of Golubria      Tloc           0%         N/A       100%        4
 Sticky Flame             Conj/Fire      0%         2d3       100%        4
 Summon Ice Beast         Ice/Summ       0%         N/A       100%        4
 Summon Lightning Spire   Summ/Air       0%         N/A       100%        4
 Alistair's Intoxication  Tmut/Pois      0%         N/A       100%        5
 Borgnjor's Vile Clutch   Necr/Erth      0%         N/A       100%        5
 Fireball                 Conj/Fire      0%         3d3       100%        5
 Irradiate                Conj/Tmut      0%         3d11      100%        5
 Iskenderun's Battlesphe  Conj           0%         2d6       100%        5
 Lee's Rapid Deconstruct  Erth           0%         3d4*      100%        5
 Metabolic Englaciation   Hex/Ice        0%         N/A       100%        5
 Silence                  Hex/Air        0%         N/A       100%        5
 Summon Forest            Summ/Tloc      0%         N/A       100%        5
 Summon Mana Viper        Hex/Summ       0%         N/A       100%        5
 Yara's Violent Unravell  Hex/Tmut       0%         3d3       100%        5
 Bombard                  Conj/Erth      0%         9d1       100%        6
 Conjure Ball Lightning   Conj/Air       0%         3x3d6     100%        6
 Death Channel            Necr           0%         N/A       100%        6
 Dispersal                Tloc           0%         N/A       100%        6
 Eringya's Noxious Bog    Tmut/Pois      0%         4d6       100%        6
 Summon Cactus Giant      Summ           0%         N/A       100%        6
 Haunt                    Necr/Summ      0%         N/A       100%        7
 Monstrous Menagerie      Summ           0%         N/A       100%        7
 Orb of Destruction       Conj           0%         9d5       100%        7
 Spellforged Servitor     Conj/Summ      0%         N/A       100%        7
 Borgnjor's Revivificati  Necr           0%         N/A       100%        8
 Discord                  Hex            0%         N/A       100%        8
 Disjunction              Tloc           0%         N/A       100%        8
 Infestation              Necr           0%         N/A       100%        8
 Lehudib's Crystal Spear  Conj/Erth      0%         10d2      100%        8
 Summon Horrible Things   Summ           0%         N/A       100%        8
 Animate Dead             Necr           Unusable   N/A       N/A         4
 Simulacrum               Ice/Necr       Unusable   N/A       N/A         6

Dungeon Overview and Level Annotations

Branches:
Dungeon (15/15)            Temple (1/1) D:6            Lair (5/5) D:8
 Shoals (4/4) Lair:3        Snake (4/4) Lair:2        Slime (0/5) Lair:4
    Orc (2/2) D:12            Elf (3/3) Orc:2        Vaults (5/5) D:13
  Crypt (0/3) Vaults:2     Depths (4/4) D:15            Zot (5/5) Depths:4
Ossuary (visited)

Altars:
Ashenzari
Cheibriados
Dithmenos
Elyvilon
Fedhas
Gozag
Hepliaklqana
Kikubaaqudgha
Makhleb
Nemelex Xobeh
Okawaru
Qazlal
Ru
Sif Muna
Trog
Uskayaw
Vehumet
Wu Jian
Xom
Yredelemnul
Zin
The Shining One
Jiyva

Shops:
D:12 =   D:13 [   Orc:2 [!([   Lair:1 *   Lair:3 [   Lair:5 !   Shoals:3 :
Snake:2 [   Snake:3 ![   Snake:4 ([   Vaults:2 =   Vaults:4 !

Portals:
Hell: Depths:1 Depths:2
Pandemonium: Depths:2
Trove: Elf:3 (give +3 shadow dragon scales)

Annotations:
D:14 exclusion: statue
Lair:3 exclusion: oklob plant
Orc:2 Azrael
Elf:2 3 runed translucent doors
Vaults:2 3 runed translucent doors, Xihuodghy's ghost, adept MiBe
Vaults:4 1 runed translucent door, Kauz's ghost, adept HOBr
Zot:3 Grunn


Innate Abilities, Weirdness & Mutations

Armour fits poorly on your strangely shaped body.
You have extremely tough skin. (AC +3)
You have a long armoured tail.
You roll and regenerate health when moving toward enemies. (Rampage Heal)
Your long tongue fully drains potion bottles. (2x potion effects)
You have a pair of small antennae on your head.
You are partially covered in iridescent scales. (AC +2)
You possess an exceptional clarity of mind.
Your system is resistant to poisons. (rPois)
Your muscles are strong. (Str +4, Int/Dex -1)
You expend magic power (3 MP) to strengthen your wands.


Message History

You miss the sixfirhy. You block the sixfirhy's attack. x2
You pummel the sixfirhy!!
The sixfirhy is heavily wounded.
You miss the sixfirhy.
The sixfirhy is heavily wounded.
You barely miss the sixfirhy. You tail-slap the sixfirhy.
The sixfirhy is severely wounded.
You punch the sixfirhy!
You kill the sixfirhy!
No target in view!
No target in view!
No target in view!
No target in view!
No target in view!
No target in view!
No target in view!
No target in view!
No target in view!
No target in view!
No target in view!
No target in view!
Magic restored.
There is a stone staircase leading up here.
You climb upwards.
There is a stone staircase leading down here.
What level of the Dungeon? (default 3, ? - help)
There is a stone staircase leading up here.
You climb upwards.
There is a stone staircase leading down here.
Aiming: Dig
Press: ? - help, Q - select action, (/) - cycle Shift-Dir - straight line You can't see that place. [the floor.]
You feel a surge of power!
The rock shatters into small pieces.
The now-empty wand crumbles to dust.
Blink to where?
Press: ? - help, Q - select action, (/) - cycle Dir - move target
As you read the scroll of blinking, it crumbles to dust.
There is a staircase leading out of the dungeon here.
You have escaped!

..........ยง# #..........#######.
###########.######...............
##..#.....#######.######..
#####....~PP~.# ##.## #..
###.........P~~โ‰ˆ# ###...#####..
##..~..~โ‰ˆ.....~P~#
#............ #......~..P~....P##
#.#...######. #P.....~~~.P...~..#
#.##.## #.
..........P..P..@####.##.# #.
.................###...#.# #####
..P..P.P....P..P.##......# #....
...~...P..~.P.~P.#.......# #.###
...P......P.P....##.....## #.#
.##...P.~.P......###...######)###
.##.~##.~P.~~##P.# #.#...........
.###.~~#~~~~~..### ##.#####......
.# ######โ‰ˆ.#..## ### #.#.#..


There were no monsters in sight!

Vanquished Creatures
  Mara (Depths:2)
  Mennas (Vaults:4)
  Bai Suzhen (Vaults:4)
  Saint Roka (Vaults:1)
  A curse toe (Depths:4)
  Xtahua (Vaults:4)
  5 golden dragons
  Norris (Elf:3)
  2 bone dragons
  2 doom hounds
  2 Ice Fiends
  6 tentacled monstrosities
  Mlioglotl (Snake:1)
  2 deep elf master archers (Elf:3)
  2 liches
  4 titans (Vaults:5)
  4 quicksilver dragons
  4 Orb Guardians (Zot:5)
  7 sphinxes
  2 deep elf blademasters (Elf:3)
  Asterion (Elf:3)
  An acid blob (shapeshifter) (Depths:1)
  Polyphemus (Shoals:2)
  2 Executioners
  5 death cobs
  Agnes (Snake:3)
  8 tengu reavers
  Donald (Vaults:1)
  Kirke (Snake:2)
  6 storm dragons
  Roxanne (Elf:2)
  Aizul (Snake:4)
  7 fire giants
  5 shadow dragons
  3 draconian monks
  4 nagarajas (Snake:4)
  5 draconian knights
  An iron dragon (Vaults:5)
  2 deep elf sorcerers
  Ilsuiw (Shoals:2)
  3 draconian scorchers
  14 frost giants
  3 draconian shifters
  16 vault wardens
  2 orc warlords
  4 draconian stormcallers
  A quicksilver ooze (shapeshifter) (Vaults:5)
  A deep elf elementalist (Elf:3)
  A cacodemon (Zot:1)
  6 spriggan defenders
  A formless jellyfish (Vaults:4)
  15 ironbound preservers
  A reaper (Zot:2)
  18 stone giants
  3 draconian annihilators
  4 ironbound thunderhulks
  15 very ugly things
  5 deep elf demonologists
  A green draconian (Zot:4)
  6 black draconians
  A yellow draconian (Zot:3)
  Nessos (D:12)
  3 deep elf annihilators
  2 red draconians (Zot:3)
  7 spark wasps
  A putrid mouth (Zot:2)
  7 white draconians
  A crystal guardian (Vaults:4)
  4 purple draconians
  6 dire elephants
  6 merfolk impalers
  4 fire dragons
  5 deep elf death magi
  2 entropy weavers
  3 merfolk javelineers
  18 yaktaur captains
  7 ettins
  3 jiangshi (Depths:1)
  4 great orbs of eyes
  5 deep elf high priests
  29 vault guards
  3 peacekeepers
  8 ice dragons
  3 merfolk avatars (Shoals:4)
  6 spriggan air magi
  A rakshasa (Depths:1)
  An alligator snapping turtle (Shoals:4)
  7 hydras
  3 salamander tyrants
  7 centaur warriors
  4 catoblepae
  5 two-headed ogres
  14 naga warriors
  5 ironbound frosthearts
  4 boulder beetles
  4 ogre magi (Vaults:5)
  10 anacondas
  A sphinx skeleton (Depths:3)
  20 dancing weapons
  3 deep troll shamans
  5 tengu warriors
  6 deep troll earth magi
  4 spriggan berserkers
  4 hell hogs (Zot:2)
  2 merfolk aquamancers (Shoals:4)
  2 vampire magi
  19 death yaks
  An orc high priest (Orc:1)
  8 naga sharpshooters
  12 shock serpents
  6 salamander mystics
  Nergalle (Lair:1)
  A sun demon (Zot:5)
  4 sixfirhies
  A shadow wraith (Vaults:5)
  5 skysharks
  4 iron trolls
  19 deep elf knights
  2 storm dragon skeletons (D:15)
  48 deep trolls
  7 skeletal warriors
  A naga ritualist (Snake:2)
  3 phantasmal warriors
  13 sea snakes
  A kraken simulacrum (Shoals:4)
  16 deep elf archers
  2 glowing orange brains
  35 harpies
  3 large abominations
  20 ironbound convokers
  8 arcanists
  10 lindwurms
  18 deep elf zephyrmancers
  5 necromancers
  A mana viper (shapeshifter) (Vaults:5)
  A steelbarb worm (shapeshifter) (Vaults:5)
  5 orc knights
  9 mana vipers
  A human zombie (Vaults:5)
  49 ugly things
  10 orc sorcerers
  26 deep elf pyromancers
  18 salamanders
  An iron dragon skeleton (Depths:3)
  5 cyclopes
  16 manticores
  4 elephants
  10 moths of wrath
  A guardian serpent (shapeshifter) (Elf:1)
  9 guardian serpents
  4 water nymphs
  A fire giant skeleton (Vaults:5)
  A frost giant skeleton (Depths:3)
  31 black mambas
  17 naga magi
  5 torpor snails
  29 vault sentinels
  15 cane toads
  An orange demon (D:12)
  A gargoyle (D:12)
  7 merfolk sirens
  2 rime drakes
  2 unseen horrors
  A freezing wraith (Vaults:5)
  A hellion (Depths:2)
  12 komodo dragons
  23 yaktaurs
  A yaktaur (shapeshifter) (Vaults:5)
  An efreet (D:12)
  3 tengu conjurers
  3 tormentors
  23 merfolk
  8 trolls
  A queen bee (D:9)
  6 wind drakes
  6 hornets
  A polar bear (Lair:3)
  39 blink frogs
  A tarantella (Vaults:1)
  Grinder (D:3)
  12 snapping turtles
  26 slime creatures
  A raiju (shapeshifter) (Vaults:5)
  A glass eye (Depths:3)
  18 dream sheep
  A shadow (D:10)
  A spriggan skeleton (D:15)
  3 air elementals
  4 spriggans
  6 wyverns
  A ynoxinul (Depths:4)
  44 yaks
  4 basilisks
  2 hogs (Snake:2)
  2 wraiths
  A basilisk (shapeshifter) (Elf:3)
  7 water elementals
  2 fire elementals
  A golden eye (shapeshifter) (Vaults:5)
  6 steam dragons
  3 redbacks
  3 vampire mosquitoes (D:13)
  9 wargs
  Menkaure (Ossuary)
  40 nagas
  12 water moccasins
  29 orc warriors
  5 sky beasts
  2 black bears
  3 ice beasts
  15 wolves
  10 ogres
  3 boggarts (Vaults:4)
  5 centaurs
  3 phantoms
  12 bullfrogs
  2 human skeletons (Vaults:5)
  An earth elemental (Elf:1)
  4 scorpions
  27 killer bees
  3 electric eels
  6 howler monkeys
  4 hounds
  15 orc priests
  A jelly (D:6)
  5 iguanas
  A sleepcap (D:5)
  46 orc wizards
  Ijyb (D:3)
  3 mummies (Ossuary)
  7 gnolls
  An adder (D:6)
  4 shadow imps
  2 worms (D:4)
  3 dart slugs
  79 orcs
  8 endoplasms
  3 giant cockroaches
  4 gnoll zombies (Ossuary)
  10 goblins
  8 hobgoblins
  6 jackals
  2 kobolds
  4 quokkas
  5 ball pythons
  5 bats
  4 frilled lizards
  4 gnoll skeletons (Ossuary)
  6 goblin skeletons (Ossuary)
  5 hobgoblin skeletons (Ossuary)
  4 hobgoblin zombies (Ossuary)
  3 kobold skeletons (Ossuary)
  4 kobold zombies (Ossuary)
  3 orc skeletons (Ossuary)
  7 orc zombies (Ossuary)
  5 rats
  4 rat skeletons (Ossuary)
  7 rat zombies
  A ballistomycete spore (Lair:3)
1789 creatures vanquished.

Vanquished Creatures (collateral kills)
  A dread lich (Zot:5)
  A Killer Klown (Zot:5)
  A golden dragon (Zot:5)
  2 electric golems (Zot:5)
  5 Orb Guardians (Zot:5)
  A ghost moth (Zot:5)
  A moth of wrath (Zot:5)
  A centaur (D:9)
  A bullfrog (D:9)
  3 killer bees (D:9)
  An adder (D:4)
18 creatures vanquished.

Vanquished Creatures (others)
  A tentacled monstrosity (Zot:5)
  9 Orb Guardians (Zot:5)
  A lich (Vaults:5)
  A draconian knight (Zot:5)
  A fire giant (shapeshifter) (Vaults:5)
  A draconian scorcher (Zot:5)
  2 draconian annihilators (Zot:5)
  A black draconian (Zot:5)
  A spark wasp (Zot:5)
  A vault guard (Vaults:5)
  An anaconda (Snake:4)
  A deep elf knight (Elf:3)
  A deep elf pyromancer (Elf:2)
  A slime creature (D:12)
  An unseen horror (shapeshifter) (Vaults:5)
  An air elemental (Elf:1)
  A fire elemental (Elf:1)
  4 humans (Snake:2)
  A naga (Snake:3)
  An orc warrior (D:12)
  A wolf (shapeshifter) (Vaults:5)
  3 centaurs (D:11)
  An orc priest (D:12)
  2 orc wizards
  An adder (D:6)
  2 orcs
  A quokka zombie (D:6)
  3 ballistomycete spores (Lair:3)
  8 tentacles (Shoals:4)
54 creatures vanquished.

Grand Total: 1861 creatures vanquished

Notes
Turn   | Place    | Note
-------+----------+-------------------------------------------
     0 | D:1      | DevouringOne the Armataur Artificer began the quest for the
                  | Orb.
     0 | D:1      | Reached XP level 1. HP: 15/15 MP: 1/1
    37 | D:1      | Reached skill level 1 in Unarmed Combat
   127 | D:1      | Reached XP level 2. HP: 20/22 MP: 2/2
   703 | D:1      | Reached XP level 3. HP: 15/27 MP: 3/3
  1680 | D:2      | Reached skill level 1 in Fighting
  2115 | D:3      | Noticed Grinder
  2225 | D:3      | Reached XP level 4. HP: 35/35 MP: 4/4
  2302 | D:3      | Noticed Ijyb
  2320 | D:3      | Killed Ijyb
  2600 | D:3      | Paralysed by Grinder for 2 turns
  2717 | D:3      | Paralysed by Grinder for 2 turns
  2719 | D:3      | Killed Grinder
  2720 | D:3      | Reached XP level 5. HP: 35/42 MP: 5/5
  2720 | D:3      | Reached XP level 6. HP: 42/50 MP: 6/6
  2941 | D:4      | Reached skill level 5 in Unarmed Combat
  3351 | D:4      | Gained mutation: You roll and regenerate health when moving
                  | toward enemies. (Rampage Heal) [Armataur growth]
  3351 | D:4      | Reached XP level 7. HP: 57/57 MP: 7/7
  3518 | D:4      | Found a snail-covered altar of Cheibriados.
  3578 | D:4      | Found an ornate altar of the Wu Jian Council.
  3581 | D:4      | Found an ancient bone altar of Kikubaaqudgha.
  3584 | D:4      | Found a radiant altar of Vehumet.
  3678 | D:5      | Entered Level 5 of the Dungeon
  4100 | D:5      | Gained mutation: You have hidden genetic potential. [potion
                  | of mutation]
  4100 | D:5      | Gained mutation: Your system is resistant to poisons.
                  | (rPois) [potion of mutation]
  4100 | D:5      | Gained mutation: You are partially covered in iridescent
                  | scales. (AC +2) [potion of mutation]
  4100 | D:5      | Gained mutation: You are robust. (+10% HP) [potion of
                  | mutation]
  4100 | D:5      | Lost mutation: You are robust. (+10% HP) [potion of
                  | mutation]
  4100 | D:5      | Gained mutation: You have a pair of small antennae on your
                  | head. [potion of mutation]
  4105 | D:5      | Reached XP level 8. HP: 27/67 MP: 8/8
  4645 | D:6      | You fall into a shaft and drop 1 floor!
  4847 | D:7      | Reached skill level 5 in Fighting
  5003 | D:6      | Found a sand-covered staircase.
  5007 | D:6      | Gained mutation: You expend magic power (3 MP) to
                  | strengthen your wands. [hidden potential]
  5011 | Ossuary  | Entered an ossuary
  5265 | Ossuary  | Noticed Menkaure
  5273 | Ossuary  | Killed Menkaure
  5509 | D:6      | Reached XP level 9. HP: 68/75 MP: 9/9
  5776 | D:6      | Found a staircase to the Ecumenical Temple.
  5794 | Temple   | Entered the Ecumenical Temple
  5803 | Temple   | Became a worshipper of Gozag Ym Sagoz the Greedy
  6654 | D:8      | Noticed an elephant
  6701 | D:8      | Killed an elephant
  6716 | D:8      | Gained mutation: You have great hidden genetic potential.
                  | [hidden potential]
  6716 | D:8      | Lost mutation: You have great hidden genetic potential.
                  | [hidden potential expressed]
  6808 | D:8      | Noticed an elephant
  6831 | D:8      | Killed an elephant
  6832 | D:8      | Reached skill level 10 in Unarmed Combat
  6929 | D:8      | Found a hazy altar of Hepliaklqana.
  7366 | D:8      | Found a blossoming altar of Fedhas.
  7849 | D:8      | Reached XP level 10. HP: 27/86 MP: 3/10
  8181 | D:8      | Found a staircase to the Lair.
  8930 | D:9      | Gained mutation: You possess an exceptional clarity of
                  | mind. [hidden potential]
  9958 | D:10     | Entered Level 10 of the Dungeon
 10090 | D:10     | Identified the +7 sling of Disgust {flame, rC+ Will+ Int+3}
 10178 | D:10     | Noticed a two-headed ogre
 10209 | D:10     | Killed a two-headed ogre
 10210 | D:10     | Reached XP level 11. HP: 81/97 MP: 0/11
 10917 | D:10     | Found a stormy altar of Qazlal.
 10917 | D:10     | Found a shadowy altar of Dithmenos.
 11124 | D:11     | Reached skill level 3 in Armour
 11145 | D:11     | Gained mutation: Your muscles are strong. (Str +4, Int/Dex
                  | -1) [hidden potential]
 11145 | D:11     | Lost mutation: You have hidden genetic potential. [hidden
                  | potential expressed]
 11261 | D:11     | Noticed a two-headed ogre
 11266 | D:11     | Killed a two-headed ogre
 11267 | D:11     | Reached skill level 4 in Armour
 11454 | D:11     | Reached skill level 5 in Armour
 11676 | D:11     | Found a frozen archway.
 11912 | D:11     | Reached skill level 6 in Armour
 12145 | D:12     | Bought the ring "Simmust" {rElec MP-9 EV+5 Str+3} for 561
                  | gold pieces
 12221 | D:12     | Found a staircase to the Orcish Mines.
 12413 | D:12     | Noticed Nessos
 12443 | D:12     | Killed Nessos
 12659 | D:12     | Noticed a boulder beetle
 12675 | D:12     | Killed a boulder beetle
 13510 | D:12     | Reached skill level 10 in Fighting
 13628 | Orc:1    | Entered Level 1 of the Orcish Mines
 13632 | Orc:1    | Noticed an ettin
 13641 | Orc:1    | Killed an ettin
 13879 | Orc:1    | Found a bloodstained altar of Trog.
 13906 | Orc:1    | Noticed an orc warlord
 13927 | Orc:1    | HP: 4/99 [orc warlord/+3 great sword of freezing (5)]
 14310 | Orc:1    | Reached XP level 12. HP: 80/106 MP: 1/12
 14596 | Orc:1    | Noticed an orc high priest
 14631 | Orc:1    | Killed an orc high priest
 14642 | Orc:1    | Killed an orc warlord
 14834 | Orc:1    | You fall into a shaft and drop 1 floor!
 14834 | Orc:2    | Entered Level 2 of the Orcish Mines
 14835 | Orc:2    | Noticed an orc warlord
 15241 | Orc:2    | Reached skill level 15 in Unarmed Combat
 15860 | Orc:2    | Paralysed by an orc sorcerer for 5 turns
 15874 | Orc:2    | Paralysed by an orc sorcerer for 5 turns
 15886 | Orc:2    | Killed an orc warlord
 16167 | Orc:2    | Noticed Azrael
 16183 | Orc:2    | Found a staircase to the Elven Halls.
 16237 | Orc:2    | Found Begif's Distillery.
 16237 | Orc:2    | Found Pumnis's Armour Shop.
 16243 | Orc:2    | Bought a +0 buckler for 67 gold pieces
 16257 | Orc:2    | Bought a potion of berserk rage for 85 gold pieces
 16257 | Orc:2    | Bought a potion of heal wounds for 85 gold pieces
 16303 | Orc:2    | Found Naycoir's Antique Armour Shoppe.
 16303 | Orc:2    | Found Rintepse's Weapon Shop.
 16335 | Orc:2    | Bought a jewelled scale mail for 315 gold pieces
 16335 | Orc:2    | Identified the +0 scale mail of Qacua {rC+ Str+3} (You
                  | bought it in a shop on level 2 of the Orcish Mines)
 16462 | D:9      | Reached skill level 1 in Shields
 16515 | Lair:1   | Entered Level 1 of the Lair of Beasts
 16632 | Lair:1   | Reached XP level 13. HP: 82/116 MP: 2/13
 16836 | Lair:1   | Noticed Nergalle
 16856 | Lair:1   | Killed Nergalle
 17504 | Lair:1   | Noticed Urug
 17509 | Lair:1   | Urug changed into Urug the torpor snail
 17509 | Lair:1   | Noticed Urug
 17516 | Lair:1   | Killed Urug the torpor snail
 17773 | Lair:1   | Bought a scroll of fog for 72 gold pieces
 17773 | Lair:1   | Bought a throwing net for 54 gold pieces
 18885 | Lair:2   | Found a staircase to the Snake Pit.
 19445 | Lair:3   | Found a staircase to the Shoals.
 20435 | Lair:3   | You fall into a shaft and drop 1 floor!
 20465 | Lair:4   | Reached XP level 14. HP: 115/127 MP: 5/14
 20702 | Lair:4   | Found a viscous altar of Jiyva.
 20703 | Lair:4   | Found a staircase to the Slime Pits.
 21813 | Lair:5   | Entered Level 5 of the Lair of Beasts
 22230 | Lair:5   | Bought a potion of curing for 60 gold pieces
 22230 | Lair:5   | Bought a potion of might for 80 gold pieces
 22230 | Lair:5   | Bought a potion of curing for 60 gold pieces
 23694 | Lair:5   | Identified the +1 helmet of the Falcon {Harm rF- Will+
                  | Dex+5}
 23990 | D:13     | Reached XP level 15. HP: 80/138 MP: 6/15
 24341 | D:13     | Found a gate to the Vaults.
 24436 | D:13     | Bought +2 fire dragon scales for 864 gold pieces
 24495 | D:13     | Found a stormy altar of Qazlal.
 24823 | D:14     | Found a radiant altar of Vehumet.
 24868 | D:14     | Reached skill level 7 in Armour
 25072 | D:14     | Found a hide-covered altar of Uskayaw.
 25215 | D:14     | Reached skill level 8 in Armour
 25644 | D:14     | Identified the death talisman of Qazlal's Regard {rElec
                  | Will- Dex+4}
 25711 | D:15     | Entered Level 15 of the Dungeon
 25927 | D:15     | Reached skill level 9 in Armour
 26237 | D:15     | Found a staircase to the Depths.
 26259 | D:15     | Reached skill level 10 in Armour
 26773 | D:15     | Reached skill level 11 in Armour
 27661 | Snake:1  | Entered Level 1 of the Snake Pit
 27834 | Snake:1  | Reached skill level 12 in Armour
 28507 | Snake:1  | Noticed Mlioglotl
 28521 | Snake:1  | Killed Mlioglotl
 28522 | Snake:1  | Reached skill level 13 in Armour
 29130 | Snake:1  | Reached skill level 16 in Armour
 29130 | Snake:1  | Reached XP level 16. HP: 121/146 MP: 7/16
 29130 | Snake:1  | Reached XP level 17. HP: 126/152 MP: 8/17
 29397 | Snake:2  | Found Uqousaem's Antique Armour Shop.
 29568 | Snake:2  | Reached XP level 18. HP: 157/160 MP: 9/18
 29601 | Snake:2  | Reached skill level 17 in Armour
 29628 | Snake:2  | Noticed Kirke
 29666 | Snake:2  | Killed Kirke
 29668 | Snake:2  | Noticed Agnes
 29826 | Snake:3  | Killed Agnes
 30031 | Snake:2  | Reached skill level 18 in Armour
 30335 | Snake:3  | Found Jasesom's Distillery.
 30338 | Snake:3  | Bought a potion of heal wounds for 65 gold pieces
 30338 | Snake:3  | Bought a potion of heal wounds for 65 gold pieces
 30338 | Snake:3  | Bought a potion of heal wounds for 65 gold pieces
 30338 | Snake:3  | Bought a potion of berserk rage for 65 gold pieces
 30340 | Snake:3  | Bought a pair of embroidered gloves for 232 gold pieces
 30575 | Snake:3  | Reached skill level 5 in Shields
 30838 | Snake:3  | Identified a scroll of acquirement
 30891 | Snake:3  | Acquired 1191 gold pieces
 30998 | Snake:4  | Entered Level 4 of the Snake Pit
 31444 | Snake:4  | Found Haej's Antique Weapon Emporium.
 32423 | Snake:4  | Reached skill level 10 in Shields
 32950 | Snake:4  | Got a serpentine rune of Zot
 33116 | Snake:4  | Identified the serpent talisman of Truth {rElec MP+9}
 33116 | Snake:4  | Noticed Aizul
 33134 | Snake:4  | Killed Aizul
 33417 | Snake:4  | Bought a +1 pair of gloves of infusion for 247 gold pieces
 33743 | Elf:1    | Entered Level 1 of the Elven Halls
 33753 | Elf:1    | Paralysed by an air elemental for 1 turns
 34021 | Elf:1    | Paralysed by an air elemental for 1 turns
 34146 | Elf:1    | Reached XP level 19. HP: 167/167 MP: 0/19
 34910 | Elf:1    | Reached skill level 15 in Shields
 36005 | Elf:2    | Noticed Roxanne
 36024 | Elf:2    | Killed Roxanne
 36375 | Elf:2    | Found a runed translucent gate.
 36376 | Elf:2    | Found a runed translucent gate.
 36376 | Elf:2    | Found a runed translucent gate.
 36418 | Elf:3    | Entered Level 3 of the Elven Halls
 36605 | Elf:3    | Found a portal to a secret trove of treasure.
 36855 | Elf:3    | Identified the ring "Qekicoce" {rPois rF+ Str-3 Slay+4
                  | SInv}
 36860 | Elf:3    | Noticed Asterion
 36905 | Elf:3    | Killed Asterion
 36922 | Elf:3    | Identified the ring "Juklapia" {rF+ Will+ Str+6 Dex+4
                  | Stlth+}
 36969 | Elf:3    | Identified the +0 plate armour of Tenuru {Dex+3}
 36977 | Elf:3    | Got The Lost Secrets of Spellweaving
 36984 | Elf:3    | Identified the +4 hand axe of Zohimiqe {holy, *Noise rPois
                  | rN+++ Stlth+}
 37127 | Elf:3    | Identified the +10 halberd "Transmigrator" {freeze, Int+5}
 37201 | Elf:3    | Identified the +0 falchion of Ashenzari's Envy {flame,
                  | rElec rF- rN+ Str+5}
 37401 | Elf:3    | Noticed Norris
 37413 | Elf:3    | Killed Norris
 37430 | Elf:3    | Noticed a Brimstone Fiend
 38326 | Shoals:1 | Entered Level 1 of the Shoals
 38331 | Lair:3   | Bought a dazzling chain mail for 190 gold pieces
 38331 | Lair:3   | Identified the +0 chain mail "Quptidimp" {rCorr Str+3} (You
                  | bought it in a shop on level 3 of the Lair of Beasts)
 38708 | Shoals:1 | Identified the +10 hand axe of Weatooke {heavy, rElec
                  | Will+}
 39188 | Shoals:1 | Reached XP level 20. HP: 125/174 MP: 15/20
 39559 | Shoals:2 | Noticed Ilsuiw
 39579 | Shoals:2 | Noticed Polyphemus
 39682 | Shoals:2 | Killed Polyphemus
 39705 | Shoals:2 | Killed Ilsuiw
 39930 | Lair:3   | Bought the +8 orange crystal plate armour {Archmagi, Int+3
                  | Clar} for 2890 gold pieces
 39930 | Lair:3   | Found the +8 orange crystal plate armour {Archmagi, Int+3
                  | Clar}
 40708 | Shoals:3 | Identified the ring "Beirphos" {rElec rCorr Str+3 Dex+2}
 40977 | Shoals:3 | Found Puckeit's Vocational Training.
 41119 | Shoals:4 | Entered Level 4 of the Shoals
 42156 | Shoals:4 | Reached skill level 19 in Armour
 42174 | Shoals:4 | Found the +8 Wrath of Trog {antimagic, *Rage Rampage}
 42642 | Shoals:4 | Got a barnacled rune of Zot
 43393 | Vaults:1 | Entered Level 1 of the Vaults
 43448 | Vaults:1 | Noticed Donald
 43467 | Vaults:1 | Killed Donald
 43659 | Vaults:1 | Noticed Saint Roka
 43681 | Vaults:1 | Killed Saint Roka
 44252 | Vaults:1 | Reached skill level 20 in Armour
 45191 | Vaults:1 | Reached XP level 21. HP: 181/181 MP: 17/21
 46290 | Vaults:2 | Found a staircase to the Crypt.
 46324 | Vaults:2 | Bought an amulet of regeneration for 450 gold pieces
 46820 | Vaults:2 | Found a runed translucent gate.
 46820 | Vaults:2 | Found a runed translucent gate.
 46820 | Vaults:2 | Found a runed translucent gate.
 46820 | Vaults:2 | Noticed Xihuodghy's ghost (adept MiBe)
 47011 | Vaults:2 | Reached skill level 15 in Fighting
 49330 | Vaults:4 | Noticed Mennas
 49355 | Vaults:4 | Killed Mennas
 49780 | Vaults:4 | Found Nimur's Distillery.
 49784 | Vaults:4 | Bought a potion of might for 92 gold pieces
 49784 | Vaults:4 | Bought a potion of heal wounds for 115 gold pieces
 49784 | Vaults:4 | Bought a potion of heal wounds for 115 gold pieces
 50013 | Vaults:4 | Got the Vellum of the Friendly Evil Eye
 50104 | Vaults:4 | Identified the amulet "Oweygog" {Reflect rCorr SH+5}
 50167 | Vaults:4 | Noticed Xtahua
 50186 | Vaults:4 | Killed Xtahua
 50302 | Vaults:4 | Noticed Bai Suzhen
 50352 | Vaults:4 | Killed Bai Suzhen
 50788 | Vaults:4 | Found a runed translucent door.
 50916 | Vaults:4 | Reached XP level 22. HP: 191/196 MP: 17/22
 51383 | Vaults:4 | Noticed Kauz's ghost (adept HOBr)
 51409 | Vaults:5 | Entered Level 5 of the Vaults
 51683 | Abyss:2  | Cast into level 2 of the Abyss (a deep elf demonologist)
 51694 | Abyss:2  | Found a corrupted altar of Lugonu.
 51701 | Vaults:5 | Escaped the Abyss
 51790 | Vaults:5 | Noticed a golden dragon
 51852 | Vaults:5 | Killed a golden dragon
 51856 | Vaults:5 | Noticed a golden dragon
 51861 | Vaults:5 | a golden dragon changed into an iron dragon
 51891 | Vaults:5 | Identified the +7 mace of Rudim {speed, Dex+3}
 51914 | Vaults:5 | Paralysed by a ghostly formless jellyfish for 1 turns
 52200 | Vaults:5 | Found the +10 morningstar "Eos" {elec, Halo rElec}
 52202 | Vaults:5 | Identified the +3 leather armour "Ruheff" {Str+3}
 52203 | Vaults:5 | Identified the +0 ring mail of Sin {rC+ rN+ Int+2 Dex+2}
 52348 | Vaults:5 | Paralysed by something for 5 turns
 53111 | Vaults:5 | Reached XP level 23. HP: 86/211 MP: 5/23
 53435 | Vaults:5 | Got a silver rune of Zot
 53515 | Vaults:5 | Identified the ring of Woshyiq {Contam rC+ rN+++ Stlth-}
 53896 | Vaults:5 | Found the +4 consecrated labrys {holy, Valiant Fragile Fly
                  | SInv}
 54079 | Vaults:5 | Identified the staff "Raliy" {rN+ Int+3 Dex+3 Necro}
 54136 | Vaults:5 | Identified the +6 war axe of Honour {speed, rC+ rCorr}
 54190 | Vaults:5 | Identified the +9 flail of Bile {heavy, rF+ rC++}
 54482 | Depths:1 | Entered Level 1 of the Depths
 54771 | Depths:1 | Found a gateway to Hell.
 56097 | Depths:2 | Noticed Mara
 56124 | Depths:2 | Identified the +8 battleaxe of Extremism {freeze, rN+
                  | Int+2}
 56124 | Depths:2 | Identified the ring "Roagorch" {Ice *Slow Str+4}
 56142 | Depths:2 | Killed Mara
 56715 | Depths:2 | Found a one-way gate leading to the halls of Pandemonium.
 57470 | Depths:4 | Entered Level 4 of the Depths
 57522 | Depths:4 | Identified the +5 plate armour "Sutythryo" {Dex+5}
 57605 | Depths:4 | Reached skill level 21 in Armour
 58110 | Depths:4 | Reached XP level 24. HP: 187/223 MP: 1/23
 58116 | Depths:4 | Found a gate to the Realm of Zot.
 58299 | Depths:4 | Reached skill level 22 in Armour
 58421 | Zot:1    | Entered Level 1 of the Realm of Zot
 59314 | Zot:2    | Reached skill level 23 in Armour
 59759 | Zot:2    | Reached skill level 24 in Armour
 60006 | Zot:3    | Noticed Grunn
 60125 | Zot:5    | Entered Level 5 of the Realm of Zot
 60757 | Zot:5    | Reached skill level 25 in Armour
 60866 | Zot:5    | Noticed a dread lich
 60867 | Zot:5    | Noticed a dread lich
 60870 | Zot:5    | Noticed an orb of fire
 60873 | Zot:5    | Noticed a Killer Klown
 60917 | Zot:5    | Got the Orb of Zot
 60917 | Zot:5    | Noticed an orb of fire
 60921 | Zot:5    | Killed a Killer Klown
 60948 | Zot:5    | Killed a dread lich
 61102 | Zot:1    | Reached skill level 26 in Armour
 61217 | Depths:2 | Noticed Kimo Kin the pandemonium lord
 61217 | Depths:2 | Noticed an ancient lich
 61389 | D:9      | Noticed Aselyzy the pandemonium lord
 61584 | D:$      | Escaped with the Orb!

Illustrated notes

Levels and vault maps discovered:
D:1:      lemuel_arrival_muddy, layout_loops_ring, serial_glass,
          glass_columns_a, glass_columns_b, chequers_serial_rivers_small_a,
          hangedman_decor_growths, hangedman_decor_peaks_small,
          minmay_misc_feat_x
D:2:      layout_loops_ring, dreamdust_mushroom_princess,
          nicolae_underground_beach
D:3:      layout_loops_ring, dk_vineyard_3, reono_crystal_passage, uniq_grinder,
          uniq_ijyb
D:4:      nicolae_cairo_tiling_large_dashed, layout_loops_ring,
          grunt_temple_overflow_cloverleaf, corexii_hall_statues_x,
          kennysheep_dice
D:5:      layout_basic, minmay_gold_behind_fungi
D:6:      layout_rooms, minmay_temple_entry_waves, enter_ossuary_4
D:7:      layout_basic, nicolae_the_louvre
D:8:      layout_loops_corners, fedhas_altar_decomposition,
          mainiacjoe_overflow_small_starburst, grunt_lair_entry_orc_guard_hut,
          hangedman_misty_isle
D:9:      lemuel_flame_loot_2, layout_cave_pools, nicolae_looking_at_the_future
D:10:     layout_loops_ring, gammafunk_temple_overflow_pools
D:11:     layout_long_grid, portal_ice_cave_entry_pillars_1
D:12:     layout_stronghold, minmay_orc_entry_temple_small, uniq_nessos
D:13:     layout_long_grid, hellmonk_vaults_attempted_burglary,
          nicolae_qazlal_scattered_showers
D:14:     layout_roguey, nicolae_uskayaw_dance_hall, vehumet_statue
D:15:     gammafunk_depths_entry_grave, layout_rooms, nrook_mini_vaults
Temple:   nicolae_temple_two_arcs
Lair:1:   layout_regular_city, grunt_forest_small_clearings, grunt_megastairs_2,
          lemuel_fruit_tree, infiniplex_staircase_pool, uniq_nergalle, uniq_urug
Lair:2:   layout_long_grid, alex1729_snake_entry_snake
Lair:3:   layout_cave_pods, shoals_dummy_entry, dpeg_oklob_1, grunt_megastairs_3
Lair:4:   layout_cave_pods, slime_entry_1, st_stairs_12
Lair:5:   hangedman_lair_in_review, layout_regular_city, minivault_23
Shoals:1: layout_shoals, yaktaur_hedge
Shoals:2: layout_shoals, nicolae_shoals_circle_sea_wall, uniq_polyphemus,
          uniq_ilsuiw
Shoals:3: layout_shoals, ldierk_geyser, nicolae_shop_vocational
Shoals:4: shoals_end_grunt_ice, layout_shoals, argonaut_gorgonesque
Snake:1:  layout_chambers, uniq_mlioglotl
Snake:2:  layout_misc_corridors, serial_shops, shop, uniq_kirke, uniq_agnes
Snake:3:  layout_misc_corridors, nicolae_stop_n_shop_1
Snake:4:  snake_pit_salamanders_mu, layout_basic, serial_shops, shop,
          grunt_megastairs_5, serial_bayou_shore_b, serial_bayou_shore_b,
          uniq_aizul
Orc:1:    layout_caves, trog_butcher_becter
Orc:2:    st_orc_town, layout_caves, nicolae_volcano_entry_hallway, basic_altar,
          uniq_azrael
Elf:1:    layout_geoelf_diagonals, minivault_28, minivault_4,
          grunt_ministairs_9, nrook_mini_backslash
Elf:2:    nicolae_elf_blades_crystal_corner, layout_loops_cross, uniq_roxanne
Elf:3:    elf_hall_gauntlet_wide, layout_gridlike,
          nicolae_trove_entry_crossroad, uniq_norris, uniq_asterion
Vaults:1: hangedman_vaults_corner_blocks, v_rooms_2,
          nicolae_vaults_doubleplus_tesselated, ontoclasm_vaults_ligature,
          grunt_vaults_hallway_short, v_rooms_3,
          nicolae_vaults_corridor_and_loot_room, nicolae_vaults_tangram_2,
          vaults_room_ringed_pool, v_alt_pattern_5,
          ontoclasm_vaults_decontamination, nicolae_vaults_two_Ls,
          layout_vaults_ring, uniq_donald, uniq_saint_roka
Vaults:2: gammafunk_ghost_ooze, minmay_crypt_entry_nasty_monster,
          nicolae_vaults_double_plus_3, v_rooms_6, nicolae_vaults_octothorpe,
          nicolae_vaults_angled_halls, vaults_room_grid, grunt_vaults_funnel,
          nicolae_vaults_diamond_2, nicolae_vaults_little_squares_5,
          nicolae_vaults_storage_room_statues, nicolae_vaults_diamond_1,
          v_misc_8, layout_vaults_maze_bifur
Vaults:3: nicolae_vaults_closet_pinwheel_2, nicolae_vaults_hexular_roomagon,
          vaults_mumra_hex, v_rooms_6, vaults_room_corners,
          nicolae_vaults_storage_closets_2, nicolae_vaults_storage_closets_1,
          nicolae_vaults_tetromino_L_1, vaults_dpeg_cross,
          ontoclasm_vaults_gateway, nicolae_vaults_tetromino_L_1,
          layout_vaults_chaotic_city
Vaults:4: ebering_ghost_reflecting_pool, ontoclasm_vaults_idyll,
          nicolae_vaults_tetromino_T_1, ontoclasm_vaults_hangar,
          nicolae_vaults_border_crossing, nicolae_vaults_hexular_roomagon,
          grunt_vaults_diagonal, st_cross, hangedman_vaults_stretched_pinwheel,
          nicolae_vaults_storage_room_water, v_misc_26, layout_vaults_omnigrid,
          serial_shops, nicolae_shop_back_alley_shop, uniq_bai_suzhen,
          uniq_xtahua, uniq_mennas
Vaults:5: serial_shops
Depths:1: layout_cave_pools, enter_ziggurat_c, hell_entry, abyss_entry,
          evilmike_spriggan_trog_shrine
Depths:2: minmay_coctagon, layout_cave_shapes, rand_demon_pan_entry_5,
          minmay_misc_feat_cross, hell_entry, kennysheep_random_hallway,
          minmay_staircase_windowed_small, serial_bayou_shore_b, uniq_mara
Depths:3: minmay_the_grid_triangle_9x9_rhombus_full_mashed
          [minmay_the_grid_triangle_9x9_negative_grid,
          minmay_the_grid_triangle_9x9_warning,
          minmay_the_grid_triangle_9x9_corrupted_corridor,
          minmay_the_grid_triangle_9x9_thin_v,
          minmay_the_grid_triangle_9x9_steps,
          minmay_the_grid_triangle_9x9_corruption,
          minmay_the_grid_triangle_9x9_windchime,
          minmay_the_grid_triangle_9x9_prize_top_heavy], layout_honeycomb,
          grunt_mini_vestibule, kennysheep_cross_room,
          abyss_entry_small_statue_room, nicolae_yredelemnul_ghost_church
Depths:4: evilmike_zot_entry_basic, layout_cave_shapes, hell_entry, pan_entry
Zot:1:    layout_misc_corridors, regret_index_zotdec_serpentine_scales,
          zot_minivault_3
Zot:2:    layout_gridlike, gammafunk_ghost_grave, nicolae_shop_clearance,
          regret_index_zotdec_banners, lemuel_elevator, uniq_josephina
Zot:3:    layout_basic, hangedman_zot_decor_slant, uniq_grunn
Zot:4:    layout_gridville, hellmonk_ghost_happy_afterlife,
          hangedman_zot_wheel_spokes
Zot:5:    layout_cellular_growth, bh_zot_lava_cross, guppyfry_library_mini

Skill      XL: |  1  2  3  4  5  6  7  8  9 10 11 12 13 14 15 16 17 18 19 20 21 22 23 24 |
---------------+-------------------------------------------------------------------------+-----
Unarmed Combat | 1 2 3 4 5 7 9 10 12 14 15 17 19 21 22 23 | 23.5
Fighting       | 1 2 3 4 6 7 9 10 11 12 14 16 18 19 | 19.8
Armour         | 6 16 18 20 21 26 | 26.2
Shields        | 3 4 13 19 21 22 | 22.0
Dodging        | |  0.6
Stealth        | |  1.1
Evocations     | |  3.0

Action                     |  1- 3 |  4- 6 |  7- 9 | 10-12 | 13-15 | 16-18 | 19-21 | 22-24 || total
---------------------------+-------+-------+-------+-------+-------+-------+-------+-------++-------
  Melee: Club              |    20 |       |       |       |       |       |       |       ||    20
         Unarmed           |   172 |    59 |   380 |   789 |  1198 |   735 |  2199 |  2224 ||  7756
         Tailslap          |    20 |     3 |    56 |   103 |   183 |   110 |   454 |   506 ||  1435
         Punch             |     2 |     3 |    26 |    52 |       |       |       |       ||    83
  Throw: Dart              |       |     2 |    11 |    13 |       |       |       |       ||    26
 Invoke: Potion Petition   |       |       |     1 |     4 |       |       |       |     1 ||     6
         Call Merchant     |       |       |       |     1 |     3 |     2 |     2 |       ||     8
         Bribe Branch      |       |       |       |       |       |       |       |     2 ||     2
  Evoke: Wand              |     2 |    35 |    14 |    42 |    16 |     5 |    10 |     1 ||   125
    Use: Scroll            |     1 |     2 |    10 |    14 |     7 |     6 |     9 |     9 ||    58
         Potion            |       |     5 |     8 |    15 |     3 |     5 |    11 |    12 ||    59
   Stab: Sleeping          |     2 |       |       |       |       |       |       |       ||     2
         Betrayed ally     |       |       |       |     1 |       |       |       |       ||     1
         Invisible         |       |       |       |     5 |       |       |       |       ||     5
         Distracted        |       |       |       |     1 |     7 |     3 |     9 |    24 ||    44
         Petrified         |       |       |       |       |       |       |     4 |       ||     4
         Paralysed         |       |       |       |       |       |       |       |     1 ||     1
 Armour: Leather armour    |   122 |       |       |       |       |       |       |       ||   122
         Scale mail        |    24 |    46 |   307 |   614 |   554 |       |       |       ||  1545
         Skin              |       |     3 |       |    35 |     8 |     4 |    15 |       ||    65
         Fire dragon scale |       |       |       |       |   260 |   444 |   127 |       ||   831
         Crystal plate arm |       |       |       |       |       |       |   909 |  1238 ||  2147
  Dodge: Dodged            |   103 |    16 |   100 |   277 |   347 |   149 |    98 |   111 ||  1201
  Block: Buckler           |       |       |       |     6 |   294 |    89 |       |       ||   389
         Reflection        |       |       |       |       |    13 |    62 |    96 |    25 ||   196
         Tower shield      |       |       |       |       |       |   391 |  1956 |  1871 ||  4218

Table legend: (Time is in decaauts)
 A = Elapsed time spent in this place.
 B = Non-inter-level travel time spent in this place.
 C = Inter-level travel time spent in this place.
 D = Time resting spent in this place.
 E = Time spent auto-exploring this place.
 F = Levels seen in this place.
 G = Mean time per level.
                   A        B        C        D        E       F      G
               +--------+--------+--------+--------+--------+-----+--------+
         Total |  59278 |  53879 |   5399 |   3706 |  39217 |  50 | 1185.6 |
       Dungeon |  17645 |  15451 |   2194 |    893 |  12233 |  15 | 1176.3 |
        Temple |     18 |      2 |     16 |      0 |      0 |   1 |   18.0 |
          Lair |   7552 |   6871 |    681 |    763 |   4857 |   5 | 1510.4 |
        Shoals |   4649 |   3915 |    734 |      0 |   2985 |   4 | 1162.2 |
     Snake Pit |   5653 |   5502 |    151 |    394 |   3962 |   4 | 1413.2 |
  Orcish Mines |   2677 |   2033 |    644 |    468 |    794 |   2 | 1338.5 |
   Elven Halls |   4224 |   3912 |    312 |    110 |   2941 |   3 | 1408.0 |
        Vaults |  10278 |   9970 |    308 |    224 |   7788 |   5 | 2055.6 |
        Depths |   4061 |   3957 |    104 |    350 |   2743 |   4 | 1015.2 |
           Zot |   2175 |   1923 |    252 |    496 |    751 |   5 |  435.0 |
         Abyss |     17 |     17 |      0 |      6 |      0 |   1 |   17.0 |
       Ossuary |    326 |    326 |      0 |      0 |    162 |   1 |  326.0 |
               +--------+--------+--------+--------+--------+-----+--------+

Top non-repeatable levels by time:
     D:8: 2558 daAuts
Vaults:1: 2513 daAuts
Vaults:5: 2504 daAuts
 Snake:4: 2274 daAuts
Vaults:4: 2030 daAuts
Shoals:4: 1915 daAuts
  Lair:5: 1893 daAuts
  Lair:2: 1821 daAuts
Vaults:3: 1814 daAuts
    D:12: 1768 daAuts
 Snake:1: 1592 daAuts
   Elf:3: 1552 daAuts
   Elf:1: 1534 daAuts
  Lair:3: 1476 daAuts
  Lair:1: 1452 daAuts
